Map: Efflorescence LE

Players

USNicosia

  • Race: Protoss Protoss
  • League: Master
  • Spawn Location: 9:00

GutyECUADOR

  • Race: Protoss Protoss
  • League: Master
  • Spawn Location: 6:00

OpuS

  • Race: Protoss Protoss
  • League: Platinum
  • Spawn Location: 12:00

Sketchaphone

  • Race: Zerg Zerg
  • League: Platinum
  • Spawn Location: 3:00

VOD

Have the link to the VOD?

Description

Time

  • Played on: Feb. 14, 2019, 9:10 p.m.
  • Length: 9:45
Show
View Real Time Build Order
Export as new Build Order

USNicosia Protoss 

Build Orders: Oracle Opening 

Get SALT Encoding   

  12  0:01  Probe  
  13  0:13  Probe  
  14  0:19  Pylon  
  14  0:25  Probe  
  15  0:37  Probe  
  15  0:39  Gateway  
  16  0:45  Probe, Assimilator  
  17  0:53  Probe  
  18  1:06  Probe, Gateway  
  19  1:14  Probe  
  20  1:26  Cybernetics Core  
  20  1:30  Assimilator  
  21  1:32  Probe  
  21  1:45  Probe  
  22  1:49  Pylon  
  22  1:57  Probe  
  22  1:58  Assimilator  
  23  2:07  Adept x2  
  27  2:09  Probe  
  28  2:21  Probe  
  29  2:27  Pylon  
  29  2:30  Stargate  
  29  2:45  Stalker  
  31  2:56  Stalker  
  33  3:04  Shield Battery  
  33  3:07  Pylon  
  33  3:21  Sentry  
  35  3:28  Oracle  
  31  3:41  Warp Gate  
  34  3:45  Stalker  
  36  4:13  Stalker  
  38  4:21  Robotics Facility  
  38  4:40  Gateway  
  38  4:41  Gateway  
  38  4:43  Gateway  
  38  4:49  Oracle  
  41  5:02  Pylon  
  41  5:04  Pylon  
  41  5:09  Immortal  
  45  5:18  Pylon  
  33  6:05  Stalker x3  
  33  6:06  Stalker x2  
  35  6:22  Probe  
  36  6:34  Probe  
  37  6:46  Probe  
  38  6:59  Probe  
  39  7:11  Probe  
  40  7:23  Probe  
  39  7:58  Stalker  
  39  7:59  Stalker  
  39  8:00  Observer  
  32  8:52  Probe  
  32  9:00  Probe  
  34  9:10  Probe  
  37  9:26  Sentry x5  
Show
View Real Time Build Order
Export as new Build Order

GutyECUADOR Protoss 

Build Orders: 1 Gate Expand, Oracle Opening 

Get SALT Encoding   

  12  0:01  Probe  
  13  0:14  Probe  
  14  0:17  Pylon  
  14  0:23  Probe  
  15  0:31  Probe  
  15  0:38  Gateway  
  15  0:41  Probe  
  16  0:47  Assimilator  
  17  0:53  Probe  
  18  1:05  Probe  
  19  1:17  Probe  
  20  1:27  Nexus  
  20  1:31  Probe  
  21  1:42  Cybernetics Core  
  21  1:45  Probe  
  22  1:51  Pylon  
  22  1:56  Assimilator  
  22  1:59  Probe  
  23  2:10  Warp Gate  
  23  2:11  Probe  
  24  2:18  Adept  
  26  2:27  Stargate  
  26  2:31  Probe  
  26  2:35  Pylon  
  27  2:40  Adept, Probe  
  27  2:43  Probe  
  31  2:52  Probe  
  31  2:54  Probe  
  33  3:01  Probe  
  34  3:06  Probe  
  34  3:09  Probe  
  34  3:12  Oracle  
  38  3:18  Probe  
  38  3:19  Probe  
  41  3:33  Probe  
  42  3:37  Gateway  
  42  3:38  Gateway  
  42  3:39  Twilight Council  
  42  3:42  Pylon  
  40  3:48  Gateway  
  40  3:50  Probe  
  40  3:51  Probe  
  42  4:00  Zealot  
  44  4:03  Probe x2  
  44  4:06  Assimilator  
  44  4:08  Assimilator  
  46  4:18  Probe  
  46  4:24  Probe  
  41  4:29  Resonating Glaives  
  41  4:30  Probe  
  36  4:32  Adept  
  36  4:33  Adept x2  
  42  4:43  Probe x2  
  44  4:46  Pylon  
  44  4:51  Adept x2  
  48  4:57  Probe  
  48  4:59  Probe  
  50  5:12  Adept x3  
  56  5:32  Probe  
  56  5:35  Pylon  
  57  5:36  Probe  
  58  5:44  Adept, Probe  
  58  5:48  Pylon  
  58  5:49  Pylon  
  61  5:50  Pylon  
  61  5:51  Probe  
  61  5:52  Dark Shrine  
  61  5:56  Probe  
  63  6:00  Adept x3  
  63  6:03  Probe  
  70  6:10  Adept, Probe  
  73  6:16  Stargate  
  73  6:17  Pylon  
  73  6:36  Probe  
  73  6:37  Phoenix  
  73  6:38  Nexus  
  76  6:42  Pylon, Probe  
  77  6:51  Probe  
  78  6:57  Stargate  
  78  6:58  Fleet Beacon  
  78  7:00  Phoenix  
  78  7:09  Dark Templar x2  
  78  7:14  Dark Templar  
  82  7:16  Probe  
  79  7:38  Probe, Anion Pulse-Crystals  
  80  7:49  Phoenix x2  
  80  7:53  Assimilator  
  80  7:56  Probe x3  
  83  7:59  Assimilator  
  83  8:04  Probe  
  83  8:07  Pylon  
  83  8:08  Probe x2  
  86  8:12  Probe  
  80  8:20  Probe  
  80  8:26  Probe  
  74  8:28  Probe, Phoenix x3  
  74  8:31  Probe  
  78  8:35  Probe  
  78  8:37  Probe  
  78  8:39  Probe  
  78  8:43  Probe  
  78  8:45  Probe  
  78  8:49  Probe  
  78  8:50  Phoenix x2  
  78  8:53  Probe, Phoenix  
  77  8:57  Probe  
  77  9:01  Probe  
  79  9:04  Robotics Facility  
  79  9:05  Probe  
  79  9:08  Phoenix x2  
  79  9:09  Probe  
  81  9:16  Forge  
  85  9:17  Pylon  
  85  9:18  Probe  
  85  9:20  Probe  
  85  9:23  Probe  
  88  9:31  Probe  
Show
View Real Time Build Order
Export as new Build Order

OpuS Protoss 

Build Orders: 1 Gate Expand 

Get SALT Encoding   

  12  0:01  Probe  
  13  0:13  Probe  
  14  0:19  Pylon  
  14  0:25  Probe  
  15  0:41  Gateway  
  15  0:43  Probe  
  16  0:51  Probe  
  16  0:54  Assimilator  
  17  0:59  Probe  
  18  1:07  Probe  
  18  1:15  Probe  
  20  1:34  Cybernetics Core  
  20  1:42  Nexus  
  20  1:51  Pylon  
  20  1:53  Probe  
  21  2:05  Probe  
  22  2:09  Zealot  
  22  2:11  Warp Gate  
  24  2:17  Probe  
  24  2:20  Pylon  
  25  2:25  Probe  
  26  2:33  Probe  
  27  2:55  Assimilator  
  27  3:02  Shield Battery  
  27  3:03  Probe x2  
  29  3:12  Stargate  
  28  3:26  Stalker  
  24  3:36  Probe x2  
  26  3:44  Gateway  
  26  3:46  Probe, Gateway  
  26  3:50  Probe  
  28  3:56  Probe  
  28  4:02  Probe  
  29  4:10  Pylon, Probe  
  29  4:14  Probe  
  31  4:22  Probe  
  32  4:26  Probe  
  33  4:36  Stalker  
  35  4:38  Shield Battery  
  35  4:40  Probe x2  
  37  4:49  Fleet Beacon  
  37  4:52  Probe, Oracle  
  38  5:05  Probe x2  
  43  5:11  Stalker  
  45  5:17  Probe x2  
  47  5:26  Carrier  
  47  5:29  Probe  
  47  5:30  Probe  
  49  5:41  Probe  
  49  5:42  Probe  
  57  5:48  Pylon  
  57  5:54  Probe x2, Stargate  
  57  5:55  Assimilator  
  59  5:57  Assimilator  
  59  6:06  Probe  
  60  6:15  Stalker x3  
  60  6:17  Probe  
  60  6:18  Probe  
  68  6:44  Zealot  
  70  6:49  Pylon  
  70  6:50  Pylon  
  70  6:52  Pylon  
  70  6:54  Gateway  
  70  7:05  Shield Battery, Carrier  
  70  7:07  Shield Battery  
  70  7:11  Pylon  
  70  7:15  Pylon  
  76  7:18  Carrier  
  78  7:33  Stalker  
  78  7:34  Stalker x2  
  69  7:54  Stalker  
  46  8:00  Zealot x3  
  33  8:18  Zealot  
Show
View Real Time Build Order
Export as new Build Order

Sketchaphone Zerg 

Build Orders: Hatch First 

Get SALT Encoding   

  12  0:01  Drone  
  13  0:08  Drone  
  14  0:17  Overlord  
  14  0:23  Extractor  
  14  0:24  Drone  
  15  0:36  Drone x2  
  17  0:56  Drone x2, Extractor  
  18  1:07  Hatchery  
  17  1:13  Drone  
  18  1:25  Spawning Pool  
  18  1:29  Drone  
  18  1:58  Hatchery  
  17  2:06  Drone  
  17  2:07  Drone  
  19  2:12  Metabolic Boost  
  19  2:14  Zergling x2  
  20  2:17  Zergling x2  
  21  2:23  Zergling x2  
  22  2:35  Zergling x4  
  24  2:40  Overlord  
  24  2:41  Queen  
  26  2:45  Drone  
  26  2:49  Zergling x2  
  28  2:55  Overlord  
  28  3:03  Zergling x4  
  30  3:12  Spine Crawler  
  29  3:16  Zergling x2  
  29  3:27  Drone  
  29  3:38  Spine Crawler  
  29  3:41  Drone x3  
  29  3:49  Spine Crawler  
  29  3:52  Drone  
  29  3:56  Queen  
  32  4:04  Spine Crawler, Queen  
  32  4:07  Drone  
  34  4:15  Drone x2  
  31  4:18  Drone  
  31  4:23  Drone  
  16  4:52  Spine Crawler, Zergling x6  
  15  5:11  Drone  
  15  5:21  Drone  
  13  5:41  Drone x2  
  11  6:02  Drone x2  
  13  6:14  Spore Crawler  
  10  6:22  Drone  
  9  6:32  Drone  
  10  6:42  Drone  
  11  7:07  Spine Crawler  
  10  7:23  Spine Crawler  
  2  7:53  Drone  
  3  8:38  Drone  
Tags
 
Add a new tag
Caveats
  • Supply blocks, unpowered buildings, or Contaminate may cause inaccurate times.
  • Supply counts are checked every 10 seconds.